 Dungeon Crawl Stone Soup version 0.17-a0-870-gcb215c1 (webtiles) character file.

2633 Ladykiller69 the Blocker (level 9, -5/65 HPs)
             Began as a Formicid Fighter on Apr 29, 2015.
             Was a Follower of Cheibriados.
             Slain by a catoblepas (6 damage)
             ... on level 14 of the Dungeon.
             The game lasted 00:37:00 (7162 turns).

Ladykiller69 the Blocker (Formicid Fighter)         Turns: 7162, Time: 00:37:00

Health: -5/65      AC: 10    Str: 28    XL:     9   Next: 92%
Magic:  9/9        EV:  2    Int: 10    God:    Cheibriados [*.....]
Gold:   345        SH:  0    Dex: 13    Spells: 0 memorised, 8 levels left

rFire  . . .     SeeInvis +     N - +0 broad axe
rCold  . . .     Clarity  .     m - +0 chain mail
rNeg   + + +     SustAb   .     x - +0 large shield
rPois  ∞         Gourm    .     (helmet unavailable)
rElec  .         Spirit   .     (no cloak)
rCorr  .         Warding  .     y - +0 pair of gloves
rMut   .         Stasis   +     (no boots)
MR     .....                    (no amulet)
Stlth  ..........               (no ring)
                                (no ring)

@: petrified, very slow, not resistant to hostile enchantments, extremely
unstealthy
A: permanent stasis, dig shafts and tunnels, four strong arms, antennae 3
a: Dig, Shaft Self, Bend Time, Renounce Religion


You were on level 14 of the Dungeon.
You worshipped Cheibriados.
Cheibriados was aware of your devotion.
You were near starving.

You visited 2 branches of the dungeon, and saw 15 of its levels.
You also visited: Sewer.

You collected 373 gold pieces.
You spent 28 gold pieces at shops.

Inventory:

Hand weapons
 a - a +0 war axe
 N - a +0 broad axe (weapon)
Missiles
 f - 2 javelins
 H - a throwing net (quivered)
 O - 5 tomahawks
Armour
 b - a +0 scale mail
 c - a +1 shield
 m - a +0 chain mail (worn)
 x - a +0 large shield (worn)
 y - a +0 pair of gloves (worn)
Jewellery
 p - a cursed -2 ring of evasion {unknown}
 q - a cursed ring of wizardry {unknown}
 Q - an uncursed ring of magical power {unknown}
 S - a +3 ring of evasion {unknown}
Magical devices
 k - a wand of heal wounds (5)
 l - a wand of heal wounds (1)
 t - a wand of magic darts (22)
 z - a wand of cold (8)
 D - a wand of flame (22)
 M - a wand of paralysis (16)
 R - a wand of cold (6)
Scrolls
 e - 5 scrolls of teleportation {unknown}
 n - a scroll of enchant armour
 o - 3 scrolls of amnesia {unknown}
 s - 3 scrolls of remove curse
 u - a scroll of random uselessness {unknown}
 v - 2 scrolls of magic mapping {unknown}
 w - 5 scrolls of identify
 A - a scroll of recharging {unknown}
 C - a scroll of fog {unknown}
 E - a scroll of fear
 F - a scroll of blinking {unknown}
Potions
 d - a potion of might
 g - 6 potions of flight {unknown}
 h - a potion of magic
 i - 5 potions of curing
 j - 3 potions of heal wounds {unknown}
 r - 2 potions of invisibility
 J - 2 potions of berserk rage {unknown}
 P - a potion of lignification {unknown}
Comestibles
 B - a royal jelly
 G - a bread ration
 I - 3 meat rations
 L - 4 fruits


   Skills:
 - Level 4.0 Fighting
 + Level 9.0 Axes
 - Level 4.4 Armour
 + Level 10.9 Shields


You had 8 spell levels left.
You didn't know any spells.

Dungeon Overview and Level Annotations

Branches:
Dungeon (15/15)            Temple (1/1) D:4
   Lair: D:8-11         Orc: D:9-12      Vaults: D:13-14     Depths: D:15

Altars:
Ashenzari
Cheibriados
Elyvilon
Fedhas
Makhleb
Qazlal
Ru
Sif Muna
Trog
Vehumet
Xom
Yredelemnul
The Shining One

Shops:
D:4 ?   D:5 =:!%

Annotations:
D:14 Sonja


Innate Abilities, Weirdness & Mutations

You are under a permanent stasis effect.
You can dig through walls and to a lower floor.
Your four strong arms can wield two-handed weapons with a shield.
You have a pair of large antennae on your head (SInv).


Message History

The catoblepas is heavily wounded.
The catoblepas breathes a plume of calcifying dust at you.
The blast of calcifying dust hits you!
You hit the catoblepas but do no damage.
The catoblepas is heavily wounded.
You are engulfed in calcifying dust.
You are slowing down.
The catoblepas breathes a plume of calcifying dust at you.
The blast of calcifying dust hits you!
Use which ability? (? or * to list) Are you sure you want to shaft yourself?
You are near starving!
You are engulfed in calcifying dust.
Your limbs have turned to stone.
The catoblepas gores you!!
* * * LOW HITPOINT WARNING * * *
You have turned to stone.
You are engulfed in calcifying dust.
The catoblepas gores you.
* * * LOW HITPOINT WARNING * * *
You are engulfed in calcifying dust.
The catoblepas gores you!
You die...

#..# C ######.(####..
#.............
#...........).# #..###
#..#.## #...#.# #..##Y#..#
. ######..#@##..# #....
#.............# #....
#......§......# #....
######..####..# #.... #..#
#..# #.... #..#
#..########..# #..#
#............# ######..#
#..).........#
#.......####..########..##


You could see a catoblepas.

Vanquished Creatures
  A kobold demonologist (Sewer)
  Sigmund (D:2)
  A deep elf fighter (D:14)
  A hippogriff (D:7)
  A hungry ghost (D:6)
  3 ogres
  2 sky beasts
  A centaur (D:9)
  2 big kobolds (Sewer)
  A scorpion (D:7)
  2 killer bees (D:7)
  6 orc wizards
  3 quasits (D:6)
  3 crimson imps
  2 orc priests
  A giant frog skeleton (D:4)
  3 hounds
  An iguana (D:7)
  A wyvern simulacrum (D:14)
  Jessica (D:2)
  5 worker ants
  A big kobold zombie (Sewer)
  A worker ant zombie (D:6)
  7 adders
  3 shadow imps
  A white imp (Sewer)
  3 ufetubi (Sewer)
  An ooze (D:1)
  An adder skeleton (D:6)
  3 worms (D:2)
  7 giant geckos
  27 orcs
  2 bat skeletons
  5 giant cockroaches
  15 goblins
  10 hobgoblins
  9 jackals
  30 kobolds
  4 quokkas
  12 bats
  5 giant newts
  A kobold zombie (Sewer)
  11 rats
201 creatures vanquished.

Vanquished Creatures (others)
  An ooze (Sewer)
  2 kobold zombies (Sewer)
3 creatures vanquished.

Grand Total: 204 creatures vanquished

Notes
Turn   | Place    | Note
--------------------------------------------------------------
     0 | D:1      | Ladykiller69, the Formicid Fighter, began the quest for the Orb.
     0 | D:1      | Reached XP level 1. HP: 18/18 MP: 1/1
   100 | D:1      | Reached XP level 2. HP: 20/24 MP: 2/2
   423 | D:1      | Reached skill level 4 in Shields
   423 | D:1      | Reached XP level 3. HP: 27/29 MP: 3/3
   738 | D:2      | Reached XP level 4. HP: 37/37 MP: 4/4
   833 | D:2      | Noticed Jessica
   853 | D:2      | You fall through a shaft for 2 floors!
  1097 | D:4      | Found a glowing drain.
  1122 | Sewer    | Entered a sewer
  1490 | Sewer    | Reached XP level 5. HP: 42/42 MP: 5/5
  1580 | Sewer    | Noticed a big kobold
  1613 | Sewer    | Killed a big kobold
  1613 | Sewer    | Reached skill level 5 in Shields
  1613 | Sewer    | Reached XP level 6. HP: 41/48 MP: 6/6
  1616 | Sewer    | Noticed Grinder
  1940 | Sewer    | Found a burning altar of Makhleb.
  1986 | Sewer    | Noticed an apprentice kobold demonologist
  2163 | Sewer    | Killed an apprentice kobold demonologist
  2163 | Sewer    | Reached skill level 6 in Shields
  2163 | Sewer    | Reached XP level 7. HP: 41/54 MP: 7/7
  2216 | Sewer    | Noticed a big kobold
  2234 | Sewer    | Killed a big kobold
  2234 | Sewer    | Reached skill level 5 in Axes
  2425 | D:4      | Found Xysai's Magic Scroll Boutique.
  2435 | D:4      | Bought a scroll of identify for 28 gold pieces
  2476 | D:4      | Noticed an ogre
  2523 | D:4      | Found a staircase to the Ecumenical Temple.
  2820 | Temple   | Entered the Ecumenical Temple
  2871 | D:4      | You fall through a shaft!
  2871 | D:5      | Entered Level 5 of the Dungeon
  2893 | D:5      | Found Gyur's Jewellery Shop.
  2915 | D:5      | Found Izikib's Distillery.
  3135 | D:2      | Found a shimmering altar of Xom.
  3135 | D:2      | Found a burning altar of Makhleb.
  3176 | D:2      | Noticed Sigmund
  3205 | D:2      | Killed Sigmund
  3205 | D:2      | Reached skill level 7 in Shields
  3205 | D:2      | Reached XP level 8. HP: 42/60 MP: 8/8
  3234 | D:2      | Killed Jessica
  3985 | D:5      | Found Usycieh's Book Boutique.
  4033 | D:5      | Found a white marble altar of Elyvilon.
  4033 | D:5      | Found a radiant altar of Vehumet.
  4040 | D:5      | Reached skill level 8 in Shields
  4041 | D:5      | Found a sacrificial altar of Ru.
  4183 | D:5      | Found Ystrazei's Food Shop.
  4183 | D:5      | Noticed a hungry ghost
  4659 | D:5      | You fall through a shaft!
  4966 | D:7      | Reached skill level 9 in Shields
  4975 | D:7      | Reached XP level 9. HP: 43/65 MP: 9/9
  5238 | D:6      | Found a snail-covered altar of Cheibriados.
  5254 | D:6      | Became a worshipper of Cheibriados the Contemplative
  5660 | D:6      | Found a basalt altar of Yredelemnul.
  5707 | D:6      | Reached skill level 10 in Shields
  5727 | D:6      | Noticed an orc knight
  5742 | D:6      | You fall through a shaft for 3 floors!
  6021 | D:9      | Acquired Cheibriados's first power
  6212 | D:7      | You fall through a shaft for 3 floors!
  6212 | D:10     | Entered Level 10 of the Dungeon
  6557 | D:11     | Noticed a troll
  6570 | D:11     | You fall through a shaft for 2 floors!
  6583 | D:13     | You fall through a shaft!
  6810 | D:14     | Noticed Sonja
  6843 | D:14     | You fall through a shaft!
  6843 | D:15     | Entered Level 15 of the Dungeon
  7138 | D:14     | Noticed a catoblepas
  7139 | D:14     | Noticed a hill giant
  7161 | D:14     | HP: 1/65 [catoblepas (3)]
  7162 | D:14     | Slain by a catoblepas

Action                   |  1- 3 |  4- 6 |  7- 9 || total
-------------------------+-------+-------+-------++-------
Melee: War axe           |   119 |   160 |   225 ||   504
       Broad axe         |       |       |   302 ||   302
Throw: Tomahawk          |       |       |     3 ||     3
       Javelin           |       |       |     2 ||     2
       Throwing net      |       |       |     1 ||     1
Invok: Bend Time         |       |       |     1 ||     1
 Abil: Dig               |     4 |     8 |    28 ||    40
       Shaft Self        |       |     1 |     7 ||     8
  Use: Potion            |       |     5 |     1 ||     6
       Scroll            |       |     3 |     2 ||     5
  Eat: Chunk             |       |     3 |    16 ||    19
       Beef jerky        |       |     1 |       ||     1
       Bread ration      |       |     1 |       ||     1
       Fruit             |       |       |     4 ||     4
